 Dungeon Crawl Stone Soup version 0.26.1-11-gd32895ea62 (webtiles) character file.

Game seed: 15985514110778171354

49 H0rd4k the Insei (level 3, -4/23 HPs)
             Began as an Octopode Transmuter on May 31, 2021.
             Killed by nerve-wracking pain
             ... invoked by an orc priest
              (13 damage)
             ... on level 2 of the Dungeon.
             The game lasted 00:01:34 (2202 turns).

H0rd4k the Insei (Octopode Transmuter)              Turns: 2202, Time: 00:01:36

Health: -4/23      AC:  1    Str:  9    XL:     3   Next: 77%
Magic:  4/6        EV: 13    Int: 16    God:
Gold:   202        SH:  0    Dex: 12    Spells: 2/6 levels left

rFire    x . .     SeeInvis .     - Unarmed
rCold    + . .     Faith    .   (no shield)
rNeg     . . .     Spirit   .   (helmet restricted)
rPois    .         Reflect  .   (no amulet)
rElec    .         Harm     .   k - ring of ice
rCorr    .         Rampage  .   (no ring)
Will     .....                  (no ring)
Stlth    ++........             (no ring)
HPRegen  0.07/turn              (no ring)
MPRegen  0.10/turn              (no ring)
                                (no ring)
                                (no ring)

@: very slightly contaminated
A: almost no armour, stealthy swim, amphibious, 8 rings, constrict 8, camouflage
1, gelatinous body 1
a: no special abilities


You were on level 2 of the Dungeon.
You visited 1 branch of the dungeon, and saw 3 of its levels.

You collected 202 gold pieces.

Inventory:

Jewellery
 k - a ring of ice (left tentacle)
Scrolls
 a - 6 scrolls of identify {unknown}
 c - a scroll of blinking {unknown}
 e - a scroll of magic mapping {unknown}
 f - 6 scrolls of remove curse {unknown}
 i - a scroll of immolation {unknown}
 j - 2 scrolls of noise {unknown}
Potions
 b - 2 potions of curing {unknown}
 d - a potion of haste {unknown}
 g - a potion of mutation {unknown}
 h - a potion of resistance {unknown}


   Skills:
 + Level 1.1 Fighting
 + Level 2.4 Dodging
 - Level 0.2 Stealth
 + Level 4.0 Unarmed Combat
 * Level 2.2 Spellcasting
 * Level 2.2 Transmutations


You had 2 spell levels left.
You knew the following spells:

 Your Spells              Type           Power        Failure   Level
a - Beastly Appendage     Tmut           16%          9%          1
b - Spider Form           Tmut/Pois      2%           36%         3

Your spell library contained the following spells:

 Spells                   Type           Power        Failure   Level
 Wereblood                Tmut           8%           12%         2
 Ice Form                 Ice/Tmut       7%           78%         4
 Blade Hands              Tmut           4%           92%         5


Dungeon Overview and Level Annotations

Branches:
Dungeon (3/15)

Altars:
Ashenzari
Cheibriados
Nemelex Xobeh
Uskayaw
The Shining One


Innate Abilities, Weirdness & Mutations

You cannot wear most types of armour.
You are very stealthy in the water. (Stealth+)
You are amphibious.
You can wear up to eight rings at the same time.
You can use your tentacles to constrict eight enemies at once.
Your skin changes colour to match your surroundings (Stealth+).
Your rubbery body absorbs attacks. (AC +1, EV +1)


Message History

Ouch! That really hurt!
There is a stone staircase leading up here.
The orc priest closely misses you.
You climb upwards.
There is a stone staircase leading down here.
You tentacle-slap the orc priest. You grab the orc priest.
You squeeze the orc priest, but do no damage.
The orc priest is severely wounded.
You constrict the orc priest. The orc priest closely misses you.
You tentacle-slap the orc priest.
The orc priest is severely wounded.
You constrict the orc priest.
The orc priest looks encouraged for a moment.
You barely miss the orc priest.
The orc priest is almost dead.
You constrict the orc priest.
The orc priest calls down the wrath of Beogh upon you.
Pain shoots through your body!
Ouch! That really hurt!
You die...

#.##.############
##.... ##.##.#######
#.#.# #....>......#
#.... #..##.#####.#
##... #..##.# #.# ####
#### #..##.# #.# ...#
#..##.# #.# ...#
#..##.# #o# ...#
#..##.## #@#
.#.###..#...# #.#
###.....#.#.# #.#
#######
.#.###.##.#.####)#
#.....# ...#
#....#....#.####.....#
##.#
#.#######............#
# #.#
#....#....######.....#
# #.######...####
#.....# #
#............# ###.###
#


You could see an orc priest.

Vanquished Creatures
  An adder (D:2)
  3 dart slugs
  A leopard gecko (D:2)
  3 giant cockroaches
  7 goblins
  5 bats
  3 frilled lizards
  6 kobolds
  8 rats
37 creatures vanquished.

Vanquished Creatures (others)
  2 fungi (D:1)
  4 toadstools (D:1)
6 creatures vanquished.

Grand Total: 43 creatures vanquished

Notes
Turn   | Place    | Note
-------+----------+-------------------------------------------
     0 | D:1      | H0rd4k the Octopode Transmuter began the quest for the Orb.
     0 | D:1      | Reached XP level 1. HP: 13/13 MP: 3/3
     7 | D:1      | Noticed a wyvern
     7 | D:1      | Noticed a water moccasin
     7 | D:1      | Noticed an iguana
     8 | D:1      | Noticed a black bear
   344 | D:1      | Reached XP level 2. HP: 12/18 MP: 5/5
   498 | D:1      | Found a glowing golden altar of the Shining One.
  1227 | D:2      | Found a hide-covered altar of Uskayaw.
  1287 | D:2      | Reached XP level 3. HP: 15/23 MP: 6/6
  1295 | D:2      | Learned a level 3 spell: Spider Form
  1340 | D:2      | Found a snail-covered altar of Cheibriados.
  1520 | D:2      | Found a broken altar of Ashenzari.
  1690 | D:2      | Found a sparkling altar of Nemelex Xobeh.
  1830 | D:2      | Reached skill level 4 in Unarmed Combat
  2202 | D:2      | Killed from afar by an orc priest

Illustrated notes

Levels and vault maps discovered:
D:1:      onia_arrival_zoo_common, layout_loops_corners,
          minmay_misc_feat_columns, minmay_gold_behind_fungi, tso_metal_star
D:2:      layout_loops_ring, kennysheep_slug_shrine, general_overflow_altar,
          old_standard_altar, old_standard_altar, st_stairs_2,
          minmay_misc_feat_chi
D:3:      layout_loops_ring, led_sif_pool, uniq_natasha

Skill      XL: |  1  2  3 |
---------------+----------+-----
Unarmed Combat | 4 |  4.0
Fighting       | |  1.1
Dodging        | |  2.4
Stealth        | |  0.2
Spellcasting   | |  2.2
Transmutations | |  2.2

Action                   || total
-------------------------++-------
Melee: Unarmed           ||    83
       Constrict         ||    20
       Tentacles         ||    13
       Punch             ||     1
 Stab: Sleeping          ||    10
Armor: Skin              ||    10
Dodge: Dodged            ||    33
